 Dungeon Crawl Stone Soup version 0.31.0-32-g396128a36d (webtiles) character file.

Game seed: 8235301065107739907

6 Ijustatesigmund the Conjurer (level 1, -1/12 HPs)
             Began as an Octopode Conjurer on Mar 22, 2024.
             Slain by a quokka (4 damage)
             ... on level 1 of the Dungeon.
             The game lasted 00:00:20 (87 turns).

Ijustatesigmund the Conjurer (Octopode Conjurer)      Turns: 87, Time: 00:00:20

Health: -1/12      AC:  1    Str:  6    XL:     1   Next: 90%
Magic:  0/3        EV: 13    Int: 20    God:
Gold:   0          SH:  0    Dex: 10    Spells: 3/4 levels left

rFire   . . .        b - +1 dagger (elec)
rCold   . . .        (no shield)
rNeg    . . .        (helmet restricted)
rPois   .            (no amulet)
rElec   .            (no ring)
rCorr   .            (no ring)
SInv    .            (no ring)
Will    .....        (no ring)
Stlth   +++          (no ring)
HPRegen 0.22/turn    (no ring)
MPRegen 0.08/turn    (no ring)
                     (no ring)

%: no passive effects
@: no status effects
A: almost no armour, amphibious, 8 rings, camouflage 1, gelatinous body 1,
(nimble swimmer 1), tentacles
a: no special abilities


You were on level 1 of the Dungeon.
You visited 1 branch of the dungeon, and saw 1 of its levels.

Inventory:

Hand Weapons
 b - a +1 dagger of electrocution (weapon)
Potions
 a - a potion of magic


   Skills:
 + Level 0.5 Fighting
 - Level 2.0 Dodging
 - Level 2.6 Stealth
 + Level 2.1 Spellcasting
 + Level 4.1 Conjurations


You had 3 spell levels left.
You knew the following spells:

 Your Spells              Type           Power      Damage    Failure   Level
a - Magic Dart            Conj           72%        1d6       2%          1

Your spell library contained the following spells:

 Spells                   Type           Power      Damage    Failure   Level
 Searing Ray              Conj           36%        2d5       4%          2
 Fulminant Prism          Conj/Alch      5%         3d7       54%         4
 Iskenderun's Mystic Bla  Conj/Tloc      10%        2d4       54%         4


Dungeon Overview and Level Annotations

Branches:
Dungeon (1/15)

Altars:


Innate Abilities, Weirdness & Mutations

You cannot wear most types of armour.
You are amphibious.
You can wear up to eight rings at the same time.
Your skin changes colour to match your surroundings (Stealth+).
Your rubbery body absorbs attacks. (AC +1, EV +1)
((You are camouflaged when in or above water. (Stealth+)))
You have tentacles for arms and can constrict up to eight enemies at once.


Message History

The jackal barely misses you.
You hit the jackal. Lightning courses through the jackal!
You kill the jackal!
The jackal misses you.
A kobold comes into view. It is wielding a +0 whip.
You barely miss the kobold. Your grab misses the kobold.
The jackal barely misses you. The kobold hits you with a +0 dagger.
A hobgoblin comes into view.
The jackal closely misses you.
You closely miss the kobold. Your grab misses the kobold.
Your squeeze misses the kobold. The jackal misses you.
The kobold hits you with a +0 dagger.
You are too injured to fight recklessly!
You are too injured to fight recklessly!
You are too injured to fight recklessly!
You are too injured to fight recklessly!
You are too injured to fight recklessly!
You are too injured to fight recklessly!
You are too injured to fight recklessly!
You are too injured to fight recklessly!
You are too injured to fight recklessly!
You are too injured to fight recklessly!
You are too injured to fight recklessly!
You are too injured to fight recklessly!
You miss the kobold. You grab the kobold.
You constrict the kobold, but do no damage.
The jackal closely misses you. The kobold barely misses you.
You hit the kobold.
The kobold is severely wounded.
You constrict the kobold.
You kill the kobold!
The jackal bites you. x2
* * * LOW HITPOINT WARNING * * *
You hit the rat. Lightning courses through the rat!!
You kill the rat!
The jackal misses you.
You miss the quokka. Your grab misses the quokka.
Your squeeze misses the quokka. The jackal barely misses you.
The quokka bites you.
You die...

#.......# .........
......#......
..............#.......
.....~~~~............ .
.~~~~....~.......... ..
~......~~........r> ...
.<.~..~.........Kg ...#
~~.~.~.......#.#r##..##.
...~.........#..@h).....
...~.##.# #..###.......#
...~.##.# #....†.......
~.~..##.# ##............
.~..###.# #....####....#
...## #.# #...## ....#
#.## #.###...###. ....
..#####...........# ....
..........#.....### .#.


You could see a quokka, a jackal, a hobgoblin, a kobold and a rat.

Vanquished Creatures
  An endoplasm (D:1)
  2 jackals (D:1)
  A bat (D:1)
  A kobold (D:1)
  A rat (D:1)
6 creatures vanquished.

Notes
Turn   | Place    | Note
-------+----------+-------------------------------------------
     0 | D:1      | Ijustatesigmund the Octopode Conjurer began the quest for
                  | the Orb.
     0 | D:1      | Reached XP level 1. HP: 11/11 MP: 3/3
    87 | D:1      | Slain by a quokka

Illustrated notes

Levels and vault maps discovered:
D:1:      ebering_trefoil_3fold, layout_rooms, serial_shops, shop

Action                     || total
---------------------------++-------
  Melee: Dagger            ||    10
         Constrict         ||     1
   Cast: Magic Dart        ||     5
 Armour: Skin              ||     5
  Dodge: Dodged            ||     9
